TKirby, chaotic male elven Wizard ------------- |...........| #-..........<| -+----- #|...........| |.....| #|...........| |f.@@.| #|...........| ##......| #--|---------- # |...$.| ######## ### ------- [ # # ### ### --------------- # # # |..............######)##############` ### |.............| ---- # # # |....>........| .....# -.----------# |.............+ |... ## ...........|# --------------- -.. |..........-# --- ------------ TKirby the Thaumaturge Experience level: 6 Strength: 8 Dexterity: 14 Constitution: 13 Intelligence: 20 Wisdom: 10 Charisma: 12 Health: 0(46) Energy: 0(67) Def: 1 Gold: 1736 Moves: 3374 Dungeon seed: BwcTbgtm9g-O7pP4 Game ID: TKirby_1507139372 Your Inventory: Coins $ - 1736 gold pieces Weapons E - a blessed +1 dagger (weapon in hand) Armor e - an uncursed +0 cloak of magic resistance (being worn) Scrolls i - 2 uncursed scrolls of confuse monster x - a cursed scroll of earth y - an uncursed scroll of enchant armor D - a cursed scroll of enchant weapon F - an uncursed scroll of genocide J - a cursed scroll of charging K - a cursed scroll of create monster N - a cursed scroll of light Spellbooks a - a cursed spellbook of blank paper l - a blessed spellbook of force bolt m - an uncursed spellbook of magic missile Potions f - an uncursed potion of booze h - an uncursed potion of object detection k - an uncursed potion of sickness r - 2 uncursed potions of water B - an uncursed potion of confusion H - a cursed potion of gain level I - a cursed potion of acid L - an uncursed potion of levitation M - a cursed potion of fruit juice P - a cursed potion of object detection Q - a cursed potion of monster detection Rings c - an uncursed ring of teleport control d - an uncursed ring of protection from shape changers (on left hand) R - a cursed +1 ring of gain strength S - an uncursed ring of regeneration Wands u - a wand of striking (0:7) T - a wand of light (0:13) Tools n - an uncursed wooden harp U - a cursed magic marker (0:79) Y - an uncursed pair of lenses (being worn) Spells and supernatural/magical abilities: Name Level Category Fail Memory a - force bolt 1 attack 0% 84% m - magic missile 2 attack 0% 84% x - extra healing 3 healing 63% 90% W - pray for help -- divine ? -- Your skills at the end: Fighting Skills Weapon Skills dagger [Basic] quarterstaff [Basic] Spellcasting Skills attack spells [Basic] enchantment spells [Basic] Final Attributes: You were piously aligned. You were fire resistant. You were sleep resistant. You were magic-protected. You were telepathic. You had infravision. You were protected from shape changers. You are dead. Vanquished creatures: a ghost a small mimic a quivering blob a gold golem a shrieker a gnome lord a gray ooze 2 giant ants a little dog a floating eye a kitten a homunculus a kobold lord 2 hill orcs a giant bat a dwarf zombie a wererat an acid blob 2 hobbits a hobgoblin 3 giant rats 4 cave spiders a brown mold a red mold 8 garter snakes a gnome zombie 3 geckos 7 jackals a fox a kobold 3 goblins 5 grid bugs a bat 3 lichens 2 kobold zombies 4 newts 71 creatures vanquished. Voluntary challenges: You had followed a strict vegetarian diet until turn 2373. You used a wielded weapon 87 times, starting on turn 17. You read items or engraved 14 times, starting on turn 1205. You never genocided any monsters. You never polymorphed an object. You never changed form. You used no wishes. You never split a pudding. You never wrote Elbereth's name. You violated your moral code, losing 22 points of alignment, starting on turn 2661. Dungeon overview: The Dungeons of Doom: levels 1 to 7 Level 1 a long staircase Level 2 a general store, some fountains Level 3 a long staircase Level 4 Level 5 a general store, a fountain Level 6 Level 7 <- You were here History has recorded: On T:1 you entered the Dungeons of Doom to retrieve the Amulet of Yendor! On T:444 you reached level 2 of The Dungeons of Doom. On T:570 you advanced to experience level 2. On T:1068 you advanced to experience level 3. On T:1092 you reached level 3 of The Dungeons of Doom. On T:1623 you reached level 4 of The Dungeons of Doom. On T:2020 you advanced to experience level 4. On T:2228 you reached level 5 of The Dungeons of Doom. On T:2623 you advanced to experience level 5. On T:2972 you reached level 6 of The Dungeons of Doom. On T:3122 you reached level 7 of The Dungeons of Doom. On T:3215 you advanced to experience level 6. Score breakdown: Gold: 1736 (11020 points) Experience: 6 levels (12456 points) Exploration: 7 levels ( 13.73%) (10392 points) Discoveries: 9 items ( 3.26%) ( 5417 points) Valuables value: (no points given unless you survive) Artifact value: 0 ( 0 points) Variety of kills: 36 monsters ( 9.45%) ( 9221 points) Turncount: 3374 turns ( -773 points) Survival: died (score multiplied by 80%) Total score: 38186 Latest messages: The werewolf starts to attack you, but pulls back. (3x) You feel that Anhur is well-pleased. You are surrounded by a golden glow. You hit the gray ooze. The werewolf hits! You kill the gray ooze! The werewolf hits! You see here a gray ooze corpse. The werewolf hits! The werewolf picks up a gray ooze corpse. The bat bites! (2x) You kill the bat! The werewolf hits! (3x) You stop. Maple is in the way! The werewolf summons help! But none comes. The werewolf hits! You don't have enough energy to cast that spell. The spell hits the werewolf! The werewolf hits! You die... Final status: Goodbye TKirby the Wizard, killed by a werewolf... You died in The Dungeons of Doom on dungeon level 7 with 38186 points, and 1736 pieces of gold, after 3374 moves. You were level 6 with a maximum of 46 hit points when you died.